 Dungeon Crawl Stone Soup version 0.24.0-13-gcf9b319 (webtiles) character file.

Game seed: 2202961514018109222, levelgen mode: deterministic

49 Bronimir the Chiller (level 3, 0/24 HPs)
             Began as a Vampire Ice Elementalist on Apr 12, 2020.
             Slain by Natasha (9 damage)
             ... on level 2 of the Dungeon.
             The game lasted 00:03:50 (1116 turns).

Bronimir the Chiller (Vampire Ice Elementalist)     Turns: 1116, Time: 00:03:51

Health: 0/24       AC:  3    Str:  7    XL:     3   Next: 51%
Magic:  0/6        EV: 13    Int: 18    God:
Gold:   85         SH:  0    Dex: 14    Spells: 5/6 levels left

rFire    . . .     SeeInvis +   a - +0 dagger
rCold    . . .     Gourm    .   (no shield)
rNeg     . . .     Faith    .   d - +0 robe
rPois    .         Spirit   .   (no helmet)
rElec    .         Reflect  .   (no cloak)
rCorr    .         Harm     .   l - +0 pair of gloves
MR       .....                  (no boots)
Stlth    ++........             (no amulet)
HPRegen  0.28/turn              (no ring)
MPRegen  0.10/turn              (no ring)

@: regenerating quickly
A: no food, fangs 3, see invisible, unbreathing
a: Exsanguinate


You were on level 2 of the Dungeon.
You were alive.

You visited 1 branch of the dungeon, and saw 2 of its levels.

You collected 85 gold pieces.

Inventory:

Hand Weapons
 a - a +0 dagger (weapon)
 b - a +0 spear
Missiles
 e - 16 arrows
 j - 53 stones
 k - 22 poisoned darts (quivered)
Armour
 d - a +0 robe (worn)
 l - a +0 pair of gloves (worn)
Scrolls
 c - a scroll of blinking {unknown}
 g - 2 scrolls of identify {unknown}
 h - a scroll of remove curse {unknown}
 i - a scroll of teleportation {unknown}
Potions
 m - a potion of resistance {unknown}


   Skills:
 + Level 0.1 Fighting
 * Level 2.8 Dodging
 + Level 3.2 Stealth
 + Level 2.1 Spellcasting
   Level 0.6 Conjurations
 * Level 4.0 Ice Magic


You had 5 spell levels left.
You knew the following spells:

 Your Spells              Type           Power        Failure   Level  Hunger
a - Freeze                Ice            ###.         3%          1    N/A

Your spell library contained the following spells:

 Spells                   Type           Power        Failure   Level  Hunger
 Throw Frost              Conj/Ice       ##....       11%         2    N/A
 Ozocubu's Armour         Chrm/Ice       #.......     24%         3    N/A
 Throw Icicle             Conj/Ice       ##......     56%         4    N/A
 Summon Ice Beast         Ice/Summ       #.......     61%         4    N/A

Dungeon Overview and Level Annotations

Branches:
Dungeon (2/15)

Altars:

Annotations:
D:2 Natasha


Innate Abilities, Weirdness & Mutations

You do not eat.
Your natural rate of healing is unusually fast.
You have razor-sharp teeth.
You have supernaturally acute eyesight. (SInv)
You can survive without breathing.


Message History

Casting: Freeze (safe; 3% risk of failure)
Confirm with . or Enter, or press ? or * to list all spells.
Aiming: Freeze (safe; 3% risk of failure)
Press: ? - help, Shift-Dir - straight line, f/p - Natasha
Aim: Natasha (heavily wounded)
You freeze Natasha.
Natasha is heavily wounded.
Natasha claws you.
* * * LOW HITPOINT WARNING * * *
The crimson imp hits you but does no damage.
You feel better.
The crimson imp blinks!
Natasha claws you. The crimson imp hits you.
You hit Natasha. Your bite misses Natasha.
Natasha is severely wounded.
Natasha casts a spell at you. You resist with some effort.
The crimson imp hits you.
You hit Natasha.
Natasha is almost dead.
Natasha claws you!
You die...

# #.#............#
##
#.#†#..#.##..##### .
#.#.#.##.##..# #.
#.#.....†##..# #..
#.###.##.##..#
###..##.# #.##.##..#
........###.##.##..#
####........##.##>.#
......h@........#
...#..5.....##....
#........# #.##
#.....?.....
#.......####
#.....5.# #.......#
#.......#


You could see Natasha and 2 crimson imps.

Vanquished Creatures
  Natasha (D:2)
  3 giant cockroaches
  A goblin (D:1)
  4 hobgoblins
  2 jackals (D:1)
  A bat (D:1)
  2 frilled lizards
  6 kobolds
  3 rats (D:1)
23 creatures vanquished.

Notes
Turn   | Place    | Note
-------+----------+-------------------------------------------
     0 | D:1      | Bronimir the Vampire Ice Elementalist began the quest for
                  | the Orb.
     0 | D:1      | Reached XP level 1. HP: 13/13 MP: 3/3
   297 | D:1      | Reached XP level 2. HP: 18/19 MP: 3/5
  1071 | D:2      | Noticed Natasha
  1075 | D:2      | Killed Natasha
  1075 | D:2      | Reached skill level 4 in Ice Magic
  1075 | D:2      | Reached XP level 3. HP: 24/24 MP: 3/6
  1101 | D:2      | Noticed Natasha
  1116 | D:2      | Slain by Natasha

Levels and vault maps discovered:
D:1:      evilmike_arrival_crescent, layout_basic
D:2:      layout_basic, lemuel_doored_altar, lemuel_crystal_altar, uniq_robin,
          uniq_natasha

Skill      XL: |  1  2 |
---------------+-------+-----
Ice Magic      | 4 |  4.0
Fighting       | |  0.1
Dodging        | |  2.8
Stealth        | |  3.2
Spellcasting   | |  2.1
Conjurations   | |  0.6

Action                   || total
-------------------------++-------
Melee: Spear             ||    12
       Dagger            ||    22
       Bite              ||     3
Throw: Dart              ||     2
       Stone             ||     1
 Cast: Freeze            ||    28
  Use: Potion            ||     1
 Stab: Sleeping          ||     4
Armor: Robe              ||    13
Dodge: Dodged            ||    28
